 Dungeon Crawl Stone Soup version 0.29-a0-459-g97dee8cd24 (webtiles) character file.

Game seed: 10097215185238255644

124 fingers the Skirmisher (level 5, 0/46 HPs)
             Began as a Ghoul Monk on May 20, 2022.
             Killed by divine providence
             ... invoked by an orc priest
              (13 damage)
             ... on level 3 of the Dungeon.
             The game lasted 00:09:18 (2229 turns).

fingers the Skirmisher (Ghoul Monk)                 Turns: 2229, Time: 00:09:18

Health: 0/46       AC:  9    Str: 17    XL:     5   Next: 8%
Magic:  4/4        EV:  7    Int:  5    God:
Gold:   123        SH:  0    Dex: 11    Spells: 4/4 levels left

rFire   + . .      SeeInvis .     - Unarmed
rCold   . . .      Faith    .   (no shield)
rNeg    + + +      Spirit   .   c - +0 chain mail
rPois   ∞          Reflect  .   (no helmet)
rElec   .          Harm     .   (no cloak)
rCorr   .          Rampage  .   k - +0 pair of gloves
Will    .....                   (no boots)
Stlth   ..........              (no amulet)
HPRegen 0.00/turn               o - ring of fire
MPRegen 0.09/turn               (no ring)

@: inhibited regen
A: claws 1, cold resistance 1, negative energy resistance 3, inhibited
regeneration, torment resistance 2, devour on kill
a: no special abilities


You were on level 3 of the Dungeon.
You visited 1 branch of the dungeon, and saw 3 of its levels.

You collected 123 gold pieces.

Inventory:

Hand Weapons
 j - a +2 dagger of electrocution
Armour
 a - a +0 robe
 c - a +0 chain mail (worn)
 k - a +0 pair of gloves (worn)
Jewellery
 o - a ring of fire (left hand)
 u - a ring of positive energy
Scrolls
 f - a scroll of immolation {unknown}
 h - 2 scrolls of teleportation {unknown}
 l - a scroll of noise {unknown}
 n - 2 scrolls of identify {unknown}
 q - a scroll of enchant armour {unknown}
 s - a scroll of fear {unknown}
 t - 2 scrolls of brand weapon {unknown}
Potions
 b - 2 potions of ambrosia
 d - a potion of flight {unknown}
 e - a potion of heal wounds {unknown}
 g - a potion of degeneration {unknown}
 i - a potion of cancellation {unknown}
 m - a potion of curing {unknown}
 p - a potion of haste {unknown}
 r - a potion of resistance {unknown}
 v - a potion of might {unknown}


   Skills:
 + Level 4.1 Fighting
 + Level 0.3 Short Blades
 + Level 1.1 Armour
 + Level 3.5 Dodging
 + Level 2.7 Stealth
 + Level 4.1 Unarmed Combat


You had 4 spell levels left.
You didn't know any spells.
Your spell library contained the following spells:

 Spells                   Type           Power      Damage    Failure   Level
 Tukima's Dance           Hex            0%         N/A       100%        3
 Passage of Golubria      Tloc           0%         N/A       100%        4
 Yara's Violent Unravell  Hex/Tmut       0%         3d3       100%        5


Dungeon Overview and Level Annotations

Branches:
Dungeon (3/15)

Altars:
Cheibriados
Gozag
Qazlal
Sif Muna


Innate Abilities, Weirdness & Mutations

You are immune to poison.
You have sharp fingernails.
Your flesh is cold resistant. (rC+)
You are immune to negative energy. (rN+++)
You do not regenerate when monsters are visible.
You are immune to unholy pain and torment.
You thrive by killing the living.


Message History

The orc priest is heavily wounded.
The orc priest hits you but does no damage.
You barely miss the orc priest.
The orc priest is heavily wounded.
The orc priest barely misses you.
You barely miss the orc priest.
The orc priest is heavily wounded.
The orc priest barely misses you.
You barely miss the orc priest.
The orc priest is heavily wounded.
The orc priest hits you with a +0 hand axe.
You barely miss the orc priest.
The orc priest is heavily wounded.
The orc priest hits you but does no damage.
You closely miss the orc priest.
The orc priest is heavily wounded.
You hit the orc priest.
The orc priest is severely wounded.
The orc priest hits you with a +0 hand axe!
You hit the orc priest but do no damage.
The orc priest is severely wounded.
The orc priest hits you but does no damage.
You hit the orc priest but do no damage.
The orc priest is severely wounded.
The orc priest hits you but does no damage.
You hit the orc priest.
The orc priest is almost dead.
The orc priest hits you with a +0 hand axe.
* * * LOW HITPOINT WARNING * * *
You hit the orc priest but do no damage.
The orc priest is almost dead.
The orc priest hits you but does no damage.
You barely miss the orc priest.
The orc priest is almost dead.
The orc priest hits you but does no damage.
You hit the orc priest but do no damage.
The orc priest is almost dead.
The orc priest mumbles some strange prayers to Beogh against you.
Beogh smites you!
You die...

#.......
..≈.§.! #....§
# ........ ##
#..≈. .#
....... .. ...
..# .......
#.##.##..#
.....##
#.....[..#
.....
#######o#####
... #.....@.)#
#.# #.#####..#
####.# #.#
#..# .....#
#.# #..#
.###'## ##.#
...#
§##...####..#
#++#
.#.....##...##
.§......#._..#
............##


You could see an orc priest.

Vanquished Creatures
  Jessica (D:2)
  An orc wizard (D:3)
  3 adders
  2 worms
  3 dart slugs
  An orc (D:3)
  4 ball pythons
  4 endoplasms
  4 goblins
  A hobgoblin (D:1)
  A quokka (D:1)
  5 bats
  2 frilled lizards (D:1)
  3 kobolds
  2 rats
37 creatures vanquished.

Notes
Turn   | Place    | Note
-------+----------+-------------------------------------------
     0 | D:1      | fingers the Ghoul Monk began the quest for the Orb.
     0 | D:1      | Reached XP level 1. HP: 19/19 MP: 0/0
   198 | D:1      | Reached XP level 2. HP: 22/26 MP: 1/1
  1033 | D:1      | Reached XP level 3. HP: 30/33 MP: 2/2
  1402 | D:1      | You fall into a shaft and drop 1 floor!
  1469 | D:2      | Found Aniwio's Jewellery Shoppe.
  1648 | D:2      | Noticed Jessica
  1660 | D:2      | Killed Jessica
  1661 | D:2      | Reached XP level 4. HP: 40/40 MP: 3/3
  1934 | D:3      | Found a shimmering blue altar of Sif Muna.
  1951 | D:3      | Found an opulent altar of Gozag.
  2132 | D:3      | Reached skill level 1 in Armour
  2135 | D:3      | Found a snail-covered altar of Cheibriados.
  2191 | D:3      | Found a stormy altar of Qazlal.
  2205 | D:3      | Reached XP level 5. HP: 30/46 MP: 4/4
  2229 | D:3      | Killed from afar by an orc priest

Illustrated notes

Levels and vault maps discovered:
D:1:      scummos_arrival_checkerplants, layout_loops_corners,
          minmay_tiny_reverse_x
D:2:      layout_basic, serial_shops, nicolae_shop_hallway_plus, uniq_jessica
D:3:      layout_loops_corners, nicolae_qazlal_scattered_showers,
          cheibriados_altar_1, mainiacjoe_overflow_catwalk_spiral,
          kennysheep_generic_room_7

Skill      XL: |  1  2  3  4 |
---------------+-------------+-----
Dodging        | 3 |  3.5
Fighting       | 4 |  4.1
Unarmed Combat | 4 |  4.1
Armour         | 1 |  1.1
Short Blades   | |  0.3
Stealth        | |  2.7

Action                   |  1- 3 |  4- 6 || total
-------------------------+-------+-------++-------
Melee: Unarmed           |    53 |    61 ||   114
       Punch             |     3 |       ||     3
       Dagger            |    45 |     5 ||    50
Throw: Throwing net      |       |     1 ||     1
 Stab: Sleeping          |     1 |       ||     1
       Held in net/web   |       |     1 ||     1
Armor: Robe              |     2 |       ||     2
       Chain mail        |   130 |    37 ||   167
Dodge: Dodged            |    42 |    13 ||    55

Table legend: (Time is in decaauts)
 A = Elapsed time spent in this place.
 B = Non-inter-level travel time spent in this place.
 C = Inter-level travel time spent in this place.
 D = Time resting spent in this place.
 E = Time spent auto-exploring this place.
 F = Levels seen in this place.
 G = Mean time per level.
                   A        B        C        D        E       F      G
               +--------+--------+--------+--------+--------+-----+--------+
         Total |   2217 |   2206 |     11 |    278 |    635 |   3 |  739.0 |
       Dungeon |   2217 |   2206 |     11 |    278 |    635 |   3 |  739.0 |
               +--------+--------+--------+--------+--------+-----+--------+

Top non-repeatable levels by time:
     D:1: 1399 daAuts
     D:2: 460 daAuts
     D:3: 358 daAuts
